Devils vs Islanders
Created - October 13, 2023 at 20:35
Goals
|
| Devils |
1 |
1 |
1 |
3 |
| Islanders |
2 |
2 |
2 |
6 |
|
Shots
|
| Devils |
15 |
14 |
8 |
37 |
| Islanders |
13 |
6 |
16 |
35 |
|
1st period
1. Islanders , Vladimir Tarasenko 1 (Ryan Ellis 1, Cam Ward) at 2:47 (PP)
2. Islanders , Vladimir Tarasenko 2 (Ryan Ellis 2, Pierre-Edouard Bellemare 1) at 4:09 (PP)
3. Devils , Anton Lander 1 (Sean Monahan 1, Damon Severson 1) at 5:43
Penalties :
Matt Donovan (N.J) for Hooking (Minor) at 2:22, Nazem Kadri (N.J) for Tripping (Minor) at 4:00, Kellan Lain (NyI) for Boarding (Minor) at 6:07
2nd period
4. Islanders , Pierre-Edouard Bellemare 1 (Vladimir Tarasenko 1, Chris Tierney 1) at 2:52
5. Islanders , Kellan Lain 1 (Jason Spezza 1, Michael Latta 1) at 8:17
6. Devils , Nazem Kadri 1 (Tyler Ennis 1, Michael Del Zotto 1) at 11:14
Penalties :
No Penalty
3rd period
7. Islanders , Brock McGinn 1 (Jason Akeson 1, Melker Karlsson 1) at 2:28
8. Islanders , Ryan Ellis 1 (Chris Tierney 2, Vladimir Tarasenko 2) at 3:38 (PP)
9. Devils , Nazem Kadri 2 (Nick Palmieri 1, Tyler Ennis 2) at 12:23
Penalties :
Nail Yakupov (N.J) for Roughing (Minor) at 2:51
Goalie Stats
Jonathan Quick (N.J), 29 saves from 35 shots - (0.829), L, 0-1-0, 60:00 minutes
Cam Ward (NyI), 34 saves from 37 shots - (0.919), W, 1-0-0, 60:00 minutes
Players Stats for Devils
Player Name G A P +/- PIM S H SB GA TA FO MP PP MP PK MP
------------------------------------------------------------------------------------
Anton Lander 1 0 1 1 0 2 0 0 0 0 1/6 9:17 0:00 1:21
Anton Stralman 0 0 0 0 0 1 2 2 1 1 0/0 16:57 0:00 1:21
Brandon Carlo 0 0 0 0 0 0 4 1 0 0 0/0 22:35 0:00 1:21
Brayden Point 0 0 0 0 0 2 1 0 0 0 5/9 13:11 0:00 0:00
Damon Severson 0 1 1 0 0 0 2 2 1 1 0/0 16:43 1:02 0:00
Eric Tangradi 0 0 0 1 0 3 0 0 0 0 0/0 9:17 0:00 1:21
Jonathan Huberdeau 0 0 0 -2 0 4 1 1 0 1 0/0 17:18 0:49 0:00
Kristopher Letang 0 0 0 0 0 4 0 1 0 1 0/0 22:11 0:57 0:00
Logan Shaw 0 0 0 0 0 4 0 0 0 0 0/0 13:11 0:00 0:00
Matt Donovan 0 0 0 0 2 2 0 2 0 1 0/0 20:51 1:02 0:00
Michael Del Zotto 0 1 1 0 0 0 0 0 3 2 0/0 20:42 0:57 0:00
Miikka Salomaki 0 0 0 0 0 1 1 0 0 0 0/0 13:11 0:00 0:00
Nail Yakupov 0 0 0 -2 2 0 1 0 0 0 0/0 17:17 0:49 0:00
Nazem Kadri 2 0 2 1 2 5 0 0 1 1 19/34 20:13 1:10 0:00
Nick Palmieri 0 1 1 1 0 1 1 0 0 1 0/1 20:14 1:10 0:00
Ondrej Kase 0 0 0 1 0 0 3 0 0 0 0/0 7:56 0:00 0:00
Sean Monahan 0 1 1 -2 0 3 2 0 1 0 5/12 17:18 0:49 0:00
Tyler Ennis 0 2 2 1 0 5 6 0 1 0 2/2 20:14 1:10 0:00
Players Stats for Islanders
Player Name G A P +/- PIM S H SB GA TA FO MP PP MP PK MP
------------------------------------------------------------------------------------
Andrew Shaw 0 0 0 -1 0 2 0 0 1 0 0/1 8:39 0:00 0:00
Brayden McNabb 0 0 0 1 0 0 0 0 0 0 0/0 12:56 0:00 0:00
Brock McGinn 1 0 1 1 0 4 2 0 0 0 2/2 12:43 0:00 0:23
Chris Tierney 0 2 2 -1 0 1 1 0 0 0 2/2 22:50 1:21 0:57
Dylan McIlrath 0 0 0 1 0 0 1 4 1 0 0/0 19:40 0:00 0:51
Emerson Etem 0 0 0 -1 0 0 0 1 0 0 0/0 8:39 0:00 0:00
Jason Akeson 0 1 1 1 0 3 3 1 0 0 0/0 12:20 0:00 0:00
Jason Spezza 0 1 1 1 0 1 4 1 0 1 0/0 15:48 0:00 0:39
Kellan Lain 1 0 1 1 2 1 0 1 1 0 0/0 15:08 0:00 0:00
Melker Karlsson 0 1 1 1 0 5 1 0 0 0 4/6 13:15 0:00 0:49
Michael Latta 0 1 1 1 0 2 0 0 1 2 6/15 15:06 0:00 0:03
Nikita Zadorov 0 0 0 1 0 1 0 2 0 0 0/0 19:40 0:00 0:51
Pierre-Edouard Bellemare 1 1 2 -1 0 2 4 1 0 0 13/30 21:53 1:21 0:00
Ryan Ellis 1 2 3 -2 0 2 2 2 2 2 0/0 27:24 1:21 1:08
Ryan Hartman 0 0 0 -1 0 1 1 0 0 0 0/1 8:39 0:00 0:00
Thomas Chabot 0 0 0 1 0 0 1 1 0 1 0/0 12:56 0:00 0:00
Vladimir Tarasenko 2 2 4 -1 0 7 0 1 2 1 5/7 23:00 1:21 1:07
Yann Sauvé 0 0 0 -2 0 3 2 3 1 1 0/0 27:24 1:21 1:08
3 Stars
1 - Vladimir Tarasenko (NyI)
2 - Ryan Ellis (NyI)
3 - Pierre-Edouard Bellemare (NyI)
Power Play
Devils - 0 on 1 Attempt(s) - 0.00%
Islanders - 3 on 3 Attempt(s) - 100.00%
Penalty Kill
Devils - 0 on 3 Attempt(s) - 0.00%
- Score 0 goal in Penalty Kill
Islanders - 1 on 1 Attempt(s) - 100.00%
- Score 0 goal in Penalty Kill
Team Stat
Devils - Hits : 24 - Faceoff Wins : 32 - Blocked Shots : 9 - Penalty Minutes : 6
Islanders - Hits : 22 - Faceoff Wins : 32 - Blocked Shots : 18 - Penalty Minutes : 2
Official
Referees : Chris Schlenker and Tim Peel
Linesman : Michel Cormier and Tony Sericolo
Game Notes
No Game Note
Finance
Level 1 -- Attendance: 5357 (89.28%) -- Ticket Income $535,700
Level 2 -- Attendance: 5000 (100.00%) -- Ticket Income $300,000
Level 3 -- Attendance: 1963 (98.15%) -- Ticket Income $68,705
Level 4 -- Attendance: 3788 (94.70%) -- Ticket Income $94,700
Luxury Box -- Attendance: 1000 (100.00%) -- Ticket Income $200,000
Game was played at the Nassau Coliseum.
Total Attendance: 17108 (95.04%)
Total Ticket Income: $1,199,105
Other Income: $179,866
Total Income: $1,378,971
Devils
5 vs 5 Forward
Center Left Wing Right Wing Time % Phy DF OF
1 Nazem Kadri Tyler Ennis Nick Palmieri 36 0 2 3
2 Sean Monahan Jonathan Huberdeau Nail Yakupov 30 0 2 3
3 Brayden Point Miikka Salomaki Logan Shaw 24 0 2 3
4 Anton Lander Eric Tangradi Ondrej Kase 10 0 3 2
5 vs 5 Defense
Defense Defense Time % Phy DF OF
1 Brandon Carlo Kristopher Letang 38 0 3 2
2 Matt Donovan Michael Del Zotto 36 0 3 2
3 Anton Stralman Damon Severson 26 0 3 2
4 Brandon Carlo Kristopher Letang 0 0 3 2
PowerPlay Forward
Center Left Wing Right Wing Time % Phy DF OF
1 Nazem Kadri Tyler Ennis Nick Palmieri 60 0 1 4
2 Sean Monahan Jonathan Huberdeau Nail Yakupov 40 0 1 4
PowerPlay Defense
Defense Defense Time % Phy DF OF
1 Michael Del Zotto Kristopher Letang 60 0 2 3
2 Damon Severson Matt Donovan 40 0 2 3
Penalty Kill 4 Players Forward
Center Wing Time % Phy DF OF
1 Anton Lander Eric Tangradi 65 1 3 1
2 Nazem Kadri Tyler Ennis 35 1 3 1
Penalty Kill 4 Players Defense
Defense Defense Time % Phy DF OF
1 Brandon Carlo Anton Stralman 60 1 4 0
2 Matt Donovan Michael Del Zotto 40 1 4 0
Penalty Kill - 3 Players Forward
Forward Time % Phy DF OF
1 Nazem Kadri 60 1 3 1
2 Sean Monahan 40 1 3 1
Penalty Kill - 3 Players Defense
Defense Defense Time % Phy DF OF
1 Brandon Carlo Kristopher Letang 60 1 4 0
2 Matt Donovan Michael Del Zotto 40 1 4 0
4 vs 4 Forward
Center Wing Time % Phy DF OF
1 Nazem Kadri Tyler Ennis 60 0 2 3
2 Sean Monahan Jonathan Huberdeau 40 0 2 3
4 vs 4 Defense
Defense Defense Time % Phy DF OF
1 Brandon Carlo Kristopher Letang 60 0 3 2
2 Matt Donovan Michael Del Zotto 40 0 3 2
Last Minutes Offensive
Center Left Wing Right Wing Defense Defense
Nazem Kadri Tyler Ennis Nick Palmieri Brandon Carlo Kristopher Letang
Last Minutes Defensive
Center Left Wing Right Wing Defense Defense
Nazem Kadri Tyler Ennis Nick Palmieri Brandon Carlo Kristopher Letang
Goaltenders
Starting : Jonathan Quick
Backup : Calvin Pickard
Extra Forwards
Normal : Brayden Point, Ondrej Kase, Logan Shaw - PP : Brayden Point, Ondrej Kase - PK : Nick Palmieri
Extra Defensemen
Normal : Michael Del Zotto, Anton Stralman, Damon Severson - PP : Michael Del Zotto - PK : Kristopher Letang, Anton Stralman
Penalty Shots
Nazem Kadri, Tyler Ennis, Brayden Point, Sean Monahan, Nick Palmieri
Custom OT Lines Forwards
Nazem Kadri, Tyler Ennis, Jonathan Huberdeau, Sean Monahan, Nick Palmieri, Brayden Point, Logan Shaw, Nail Yakupov, Anton Lander, Ondrej Kase
Custom OT Lines Defensemen
Brandon Carlo, Kristopher Letang, Matt Donovan, Michael Del Zotto, Anton Stralman
Scratches
Sven Baertschi (Healthy), Thomas Hickey (Healthy)
Islanders
5 vs 5 Forward
Center Left Wing Right Wing Time % Phy DF OF
1 Pierre-Edouard Bellemare Chris Tierney Vladimir Tarasenko 40 1 2 2
2 Michael Latta Kellan Lain Jason Spezza 30 1 2 2
3 Melker Karlsson Brock McGinn Jason Akeson 20 1 2 2
4 Ryan Hartman Emerson Etem Andrew Shaw 10 1 2 2
5 vs 5 Defense
Defense Defense Time % Phy DF OF
1 Ryan Ellis Yann Sauvé 40 1 2 2
2 Nikita Zadorov Dylan McIlrath 30 1 2 2
3 Thomas Chabot Brayden McNabb 20 1 2 2
4 Ryan Ellis Yann Sauvé 10 1 2 2
PowerPlay Forward
Center Left Wing Right Wing Time % Phy DF OF
1 Pierre-Edouard Bellemare Chris Tierney Vladimir Tarasenko 60 1 2 2
2 Michael Latta Kellan Lain Jason Spezza 40 1 2 2
PowerPlay Defense
Defense Defense Time % Phy DF OF
1 Ryan Ellis Yann Sauvé 60 1 2 2
2 Nikita Zadorov Dylan McIlrath 40 1 2 2
Penalty Kill 4 Players Forward
Center Wing Time % Phy DF OF
1 Vladimir Tarasenko Chris Tierney 60 1 2 2
2 Jason Spezza Kellan Lain 40 1 2 2
Penalty Kill 4 Players Defense
Defense Defense Time % Phy DF OF
1 Ryan Ellis Yann Sauvé 60 1 2 2
2 Nikita Zadorov Dylan McIlrath 40 1 2 2
Penalty Kill - 3 Players Forward
Forward Time % Phy DF OF
1 Vladimir Tarasenko 60 1 2 2
2 Chris Tierney 40 1 2 2
Penalty Kill - 3 Players Defense
Defense Defense Time % Phy DF OF
1 Ryan Ellis Yann Sauvé 60 1 2 2
2 Nikita Zadorov Dylan McIlrath 40 1 2 2
4 vs 4 Forward
Center Wing Time % Phy DF OF
1 Vladimir Tarasenko Chris Tierney 60 1 2 2
2 Jason Spezza Kellan Lain 40 1 2 2
4 vs 4 Defense
Defense Defense Time % Phy DF OF
1 Ryan Ellis Yann Sauvé 60 1 2 2
2 Nikita Zadorov Dylan McIlrath 40 1 2 2
Last Minutes Offensive
Center Left Wing Right Wing Defense Defense
Pierre-Edouard Bellemare Chris Tierney Vladimir Tarasenko Ryan Ellis Yann Sauvé
Last Minutes Defensive
Center Left Wing Right Wing Defense Defense
Pierre-Edouard Bellemare Chris Tierney Vladimir Tarasenko Ryan Ellis Yann Sauvé
Goaltenders
Starting : Cam Ward
Backup : Joonas Korpisalo
Extra Forwards
Normal : Brock McGinn, Emerson Etem, Melker Karlsson - PP : Brock McGinn, Emerson Etem - PK : Melker Karlsson
Extra Defensemen
Normal : Thomas Chabot, Brayden McNabb, Nikita Zadorov - PP : Thomas Chabot - PK : Brayden McNabb, Nikita Zadorov
Penalty Shots
Vladimir Tarasenko, Chris Tierney, Jason Spezza, Kellan Lain, Brock McGinn
Custom OT Lines Forwards
Vladimir Tarasenko, Chris Tierney, Jason Spezza, Kellan Lain, Brock McGinn, Emerson Etem, Pierre-Edouard Bellemare, Michael Latta, Melker Karlsson, Jason Akeson
Custom OT Lines Defensemen
Ryan Ellis, Yann Sauvé, Nikita Zadorov, Dylan McIlrath, Thomas Chabot
Scratches
James Livingstone (Healthy), Sergei Plotnikov (Healthy), Ross Colton (Healthy)
% Time on Ice - Devils
Lines # - Real PCT - Wanted PCT - Time Play
Normal Forward
1 - 34% - 36% - 19:04
2 - 29% - 30% - 16:29
3 - 23% - 24% - 13:11
4 - 14% - 10% - 7:56
Normal Defense
1 - 37% - 38% - 21:14
2 - 35% - 36% - 19:50
3 - 28% - 26% - 15:36
4 - 0% - 0% - 0:00
PP Forward
1 - 59% - 60% - 1:10
2 - 41% - 40% - 0:49
PP Defense
1 - 48% - 60% - 0:57
2 - 52% - 40% - 1:02
PK Forward
1 - 100% - 65% - 1:21
2 - 0% - 35% - 0:00
PK Defense
1 - 100% - 60% - 1:21
2 - 0% - 40% - 0:00
PK3 Forward
1 - 0% - 60%
2 - 0% - 40%
PK3 Defense
1 - 0% - 60%
2 - 0% - 40%
44 Forward
1 - 0% - 60%
2 - 0% - 40%
44 Defense
1 - 0% - 60%
2 - 0% - 40%
Last Minute Offensive - 0:00
Last Minute Defensive - 0:00
Total
Forward - 60:00
Defense - 60:00
|
% Time on Ice - Islanders
Lines # - Real PCT - Wanted PCT - Time Play
Normal Forward
1 - 36% - 40% - 20:32
2 - 27% - 30% - 15:09
3 - 22% - 20% - 12:20
4 - 15% - 10% - 8:39
Normal Defense
1 - 36% - 40% - 20:24
2 - 33% - 30% - 18:49
3 - 23% - 20% - 12:56
4 - 8% - 10% - 4:31
PP Forward
1 - 100% - 60% - 1:21
2 - 0% - 40% - 0:00
PP Defense
1 - 100% - 60% - 1:21
2 - 0% - 40% - 0:00
PK Forward
1 - 67% - 60% - 1:20
2 - 33% - 40% - 0:39
PK Defense
1 - 57% - 60% - 1:08
2 - 43% - 40% - 0:51
PK3 Forward
1 - 0% - 60%
2 - 0% - 40%
PK3 Defense
1 - 0% - 60%
2 - 0% - 40%
44 Forward
1 - 0% - 60%
2 - 0% - 40%
44 Defense
1 - 0% - 60%
2 - 0% - 40%
Last Minute Offensive - 0:00
Last Minute Defensive - 0:00
Total
Forward - 60:00
Defense - 60:00
|
Play-by-Play
1st period
0:01 of 1st period - Nazem Kadri wins face-off versus Pierre-Edouard Bellemare in neutral zone.
0:08 of 1st period - Slapshot by Vladimir Tarasenko.
0:08 of 1st period - Stopped by Jonathan Quick with a rebound.
0:56 of 1st period - Snap shot by Ryan Hartman.
0:56 of 1st period - Shot Misses the Net.
1:23 of 1st period - Off-side.
1:24 of 1st period - Vladimir Tarasenko wins face-off versus Nick Palmieri in neutral zone.
1:37 of 1st period - Snap shot by Tyler Ennis.
1:37 of 1st period - Shot Misses the Net.
1:39 of 1st period - Slapshot by Nick Palmieri.
1:39 of 1st period - Shot Blocked by Dylan McIlrath.
1:41 of 1st period - Wrist shot by Nazem Kadri.
1:41 of 1st period - Shot Blocked by Nikita Zadorov.
2:22 of 1st period - Minor Penalty to Matt Donovan for Hooking.
2:23 of 1st period - Chris Tierney wins face-off versus Anton Lander in Devils zone.
2:29 of 1st period - Slapshot by Ryan Ellis.
2:29 of 1st period - Stopped by Jonathan Quick with a rebound.
2:33 of 1st period - Snap shot by Vladimir Tarasenko.
2:33 of 1st period - Stopped by Jonathan Quick without a rebound.
2:34 of 1st period - Anton Lander wins face-off versus Vladimir Tarasenko in Devils zone.
2:47 of 1st period - Snap shot by Vladimir Tarasenko.
2:47 of 1st period - Goal by Vladimir Tarasenko - Devils : 0 - Islanders : 1.
2:48 of 1st period - Tyler Ennis wins face-off versus Pierre-Edouard Bellemare in neutral zone.
3:23 of 1st period - Slapshot by Jonathan Huberdeau.
3:23 of 1st period - Shot Misses the Net.
3:25 of 1st period - Slapshot by Kristopher Letang.
3:25 of 1st period - Shot Misses the Net.
3:45 of 1st period - Wrist shot by Logan Shaw.
3:45 of 1st period - Stopped by Cam Ward without a rebound.
3:46 of 1st period - Nazem Kadri wins face-off versus Pierre-Edouard Bellemare in Islanders zone.
4:00 of 1st period - Minor Penalty to Nazem Kadri for Tripping.
4:01 of 1st period - Pierre-Edouard Bellemare wins face-off versus Anton Lander in Devils zone.
4:09 of 1st period - Slapshot by Vladimir Tarasenko.
4:09 of 1st period - Goal by Vladimir Tarasenko - Devils : 0 - Islanders : 2.
4:10 of 1st period - Sean Monahan wins face-off versus Pierre-Edouard Bellemare in neutral zone.
4:25 of 1st period - Snap shot by Jonathan Huberdeau.
4:25 of 1st period - Deflect By Nail Yakupov.
4:25 of 1st period - Shot Misses the Net.
4:25 of 1st period - Puck is out of play.
4:26 of 1st period - Michael Latta wins face-off versus Nazem Kadri in Islanders zone.
4:31 of 1st period - Slapshot by Tyler Ennis.
4:31 of 1st period - Stopped by Cam Ward without a rebound.
4:32 of 1st period - Michael Latta wins face-off versus Nazem Kadri in Islanders zone.
4:37 of 1st period - Brandon Carlo is hit by Jason Spezza and loses puck.
5:03 of 1st period - Wrist shot by Vladimir Tarasenko.
5:03 of 1st period - Stopped by Jonathan Quick with a rebound.
5:05 of 1st period - Slapshot by Nikita Zadorov.
5:05 of 1st period - Shot Misses the Net.
5:07 of 1st period - Snap shot by Chris Tierney.
5:07 of 1st period - Stopped by Jonathan Quick without a rebound.
5:08 of 1st period - Melker Karlsson wins face-off versus Sean Monahan in Devils zone.
5:23 of 1st period - Slapshot by Ryan Ellis.
5:23 of 1st period - Shot Misses the Net.
5:29 of 1st period - Ryan Ellis is hit by Sean Monahan.
5:43 of 1st period - Snap shot by Anton Lander.
5:43 of 1st period - Goal by Anton Lander - Devils : 1 - Islanders : 2.
5:44 of 1st period - Nazem Kadri wins face-off versus Michael Latta in neutral zone.
6:07 of 1st period - Minor Penalty to Kellan Lain for Boarding.
6:08 of 1st period - Vladimir Tarasenko wins face-off versus Nazem Kadri in Islanders zone.
7:54 of 1st period - Icing by Nick Palmieri.
7:55 of 1st period - Vladimir Tarasenko wins face-off versus Nazem Kadri in Devils zone.
7:56 of 1st period - Snap shot by Brock McGinn.
7:56 of 1st period - Shot Blocked by Matt Donovan.
7:58 of 1st period - Slapshot by Dylan McIlrath.
7:58 of 1st period - Shot Blocked by Damon Severson.
8:00 of 1st period - Snap shot by Nikita Zadorov.
8:00 of 1st period - Shot Misses the Net.
8:07 of 1st period - Penalty to Kellan Lain is over, Kellan Lain is back on ice.
8:18 of 1st period - Wrist shot by Brayden Point.
8:18 of 1st period - Stopped by Cam Ward with a rebound.
8:20 of 1st period - Snap shot by Logan Shaw.
8:20 of 1st period - Shot Misses the Net.
8:22 of 1st period - Wrist shot by Logan Shaw.
8:22 of 1st period - Shot Blocked by Dylan McIlrath.
8:24 of 1st period - Slapshot by Brandon Carlo.
8:24 of 1st period - Shot Blocked by Dylan McIlrath.
8:26 of 1st period - Slapshot by Kristopher Letang.
8:26 of 1st period - Shot Misses the Net.
8:28 of 1st period - Snap shot by Logan Shaw.
8:28 of 1st period - Shot Hit the Post.
8:54 of 1st period - Icing by Brandon Carlo.
8:55 of 1st period - Vladimir Tarasenko wins face-off versus Anton Lander in Devils zone.
9:06 of 1st period - Snap shot by Eric Tangradi.
9:06 of 1st period - Stopped by Cam Ward with a rebound.
9:26 of 1st period - Wrist shot by Eric Tangradi.
9:26 of 1st period - Shot Misses the Net.
9:32 of 1st period - Snap shot by Eric Tangradi.
9:32 of 1st period - Stopped by Cam Ward with a rebound.
9:34 of 1st period - Snap shot by Kristopher Letang.
9:34 of 1st period - Stopped by Cam Ward without a rebound.
9:35 of 1st period - Nazem Kadri wins face-off versus Michael Latta in Islanders zone.
9:40 of 1st period - Snap shot by Tyler Ennis.
9:40 of 1st period - Shot Hit the Post.
9:42 of 1st period - Slapshot by Matt Donovan.
9:42 of 1st period - Shot Blocked by Jason Spezza.
10:40 of 1st period - Snap shot by Jonathan Huberdeau.
10:40 of 1st period - Stopped by Cam Ward with a rebound.
10:42 of 1st period - Snap shot by Anton Stralman.
10:42 of 1st period - Shot Blocked by Yann Sauvé.
10:44 of 1st period - Snap shot by Jonathan Huberdeau.
10:44 of 1st period - Shot Blocked by Emerson Etem.
10:46 of 1st period - Slapshot by Damon Severson.
10:46 of 1st period - Deflect By Jonathan Huberdeau.
10:46 of 1st period - Shot Misses the Net.
10:46 of 1st period - Puck is out of play.
10:47 of 1st period - Pierre-Edouard Bellemare wins face-off versus Nazem Kadri in Islanders zone.
10:54 of 1st period - Wrist shot by Nazem Kadri.
10:54 of 1st period - Stopped by Cam Ward with a rebound.
11:10 of 1st period - Nikita Zadorov is hit by Tyler Ennis.
12:04 of 1st period - Brandon Carlo is hit by Ryan Ellis and loses puck.
12:27 of 1st period - Nazem Kadri is hit by Pierre-Edouard Bellemare and loses puck.
12:34 of 1st period - Snap shot by Vladimir Tarasenko.
12:34 of 1st period - Stopped by Jonathan Quick without a rebound.
12:35 of 1st period - Pierre-Edouard Bellemare wins face-off versus Nazem Kadri in Devils zone.
12:44 of 1st period - Slapshot by Thomas Chabot.
12:44 of 1st period - Shot Misses the Net.
13:03 of 1st period - Off-side.
13:04 of 1st period - Michael Latta wins face-off versus Brayden Point in neutral zone.
13:11 of 1st period - Wrist shot by Michael Latta.
13:11 of 1st period - Stopped by Jonathan Quick without a rebound.
13:12 of 1st period - Vladimir Tarasenko wins face-off versus Nazem Kadri in Devils zone.
13:27 of 1st period - Snap shot by Tyler Ennis.
13:27 of 1st period - Shot Misses the Net.
13:29 of 1st period - Snap shot by Tyler Ennis.
13:29 of 1st period - Stopped by Cam Ward with a rebound.
14:04 of 1st period - Jason Spezza is hit by Nail Yakupov and loses puck.
14:26 of 1st period - Snap shot by Anton Lander.
14:26 of 1st period - Shot Blocked by Nikita Zadorov.
14:28 of 1st period - Snap shot by Michael Del Zotto.
14:28 of 1st period - Shot Hit the Post.
14:30 of 1st period - Wrist shot by Eric Tangradi.
14:30 of 1st period - Stopped by Cam Ward without a rebound.
14:31 of 1st period - Nazem Kadri wins face-off versus Pierre-Edouard Bellemare in Islanders zone.
15:08 of 1st period - Snap shot by Nazem Kadri.
15:08 of 1st period - Stopped by Cam Ward without a rebound.
15:09 of 1st period - Melker Karlsson wins face-off versus Brayden Point in Islanders zone.
15:22 of 1st period - Wrist shot by Logan Shaw.
15:22 of 1st period - Shot Misses the Net.
15:24 of 1st period - Snap shot by Logan Shaw.
15:24 of 1st period - Stopped by Cam Ward with a rebound.
15:34 of 1st period - Michael Del Zotto is hit by Pierre-Edouard Bellemare and loses puck.
15:58 of 1st period - Snap shot by Anton Lander.
15:58 of 1st period - Shot Blocked by Kellan Lain.
16:00 of 1st period - Slapshot by Kristopher Letang.
16:00 of 1st period - Deflect By Kellan Lain.
16:00 of 1st period - Stopped by Cam Ward without a rebound.
16:01 of 1st period - Nazem Kadri wins face-off versus Michael Latta in Islanders zone.
16:08 of 1st period - Anton Stralman is hit by Jason Spezza and loses puck.
16:27 of 1st period - Brayden Point is hit by Pierre-Edouard Bellemare and loses puck.
17:08 of 1st period - Yann Sauvé is hit by Brandon Carlo.
17:12 of 1st period - Snap shot by Andrew Shaw.
17:12 of 1st period - Stopped by Jonathan Quick with a rebound.
17:14 of 1st period - Slapshot by Nikita Zadorov.
17:14 of 1st period - Deflect By Andrew Shaw.
17:14 of 1st period - Shot Misses the Net.
17:14 of 1st period - Puck is out of play.
17:15 of 1st period - Pierre-Edouard Bellemare wins face-off versus Nazem Kadri in Devils zone.
17:42 of 1st period - Backhand shot by Logan Shaw.
17:42 of 1st period - Shot Misses the Net.
17:44 of 1st period - Wrist shot by Brayden Point.
17:44 of 1st period - Stopped by Cam Ward without a rebound.
17:45 of 1st period - Brayden Point wins face-off versus Michael Latta in Islanders zone.
18:31 of 1st period - Nail Yakupov is hit by Brock McGinn and loses puck.
18:38 of 1st period - Wrist shot by Melker Karlsson.
18:38 of 1st period - Stopped by Jonathan Quick with a rebound.
18:40 of 1st period - Wrist shot by Melker Karlsson.
18:40 of 1st period - Shot Misses the Net.
18:42 of 1st period - Slapshot by Ryan Ellis.
18:42 of 1st period - Shot Blocked by Anton Stralman.
19:12 of 1st period - Slapshot by Ryan Ellis.
19:12 of 1st period - Shot Blocked by Brandon Carlo.
19:14 of 1st period - Wrist shot by Jason Spezza.
19:14 of 1st period - Stopped by Jonathan Quick without a rebound.
19:15 of 1st period - Brayden Point wins face-off versus Michael Latta in Devils zone.
19:36 of 1st period - Wrist shot by Jason Spezza.
19:36 of 1st period - Shot Misses the Net.
19:38 of 1st period - Snap shot by Nikita Zadorov.
19:38 of 1st period - Deflect By Brandon Carlo.
19:38 of 1st period - Stopped by Jonathan Quick without a rebound.
19:39 of 1st period - Pierre-Edouard Bellemare wins face-off versus Nazem Kadri in Devils zone.
Goals for this period are 1 for Devils vs 2 for Islanders.
Shots for this period are 15 for Devils vs 13 for Islanders.
2nd period
0:01 of 2nd period - Pierre-Edouard Bellemare wins face-off versus Sean Monahan in neutral zone.
0:04 of 2nd period - Wrist shot by Ryan Ellis.
0:04 of 2nd period - Shot Blocked by Kristopher Letang.
0:43 of 2nd period - Nick Palmieri is hit by Brock McGinn and loses puck.
1:25 of 2nd period - Snap shot by Chris Tierney.
1:25 of 2nd period - Shot Misses the Net.
2:20 of 2nd period - Thomas Chabot is hit by Tyler Ennis and loses puck.
2:31 of 2nd period - Wrist shot by Nazem Kadri.
2:31 of 2nd period - Shot Blocked by Thomas Chabot.
2:52 of 2nd period - Wrist shot by Pierre-Edouard Bellemare.
2:52 of 2nd period - Goal by Pierre-Edouard Bellemare - Devils : 1 - Islanders : 3.
2:53 of 2nd period - Pierre-Edouard Bellemare wins face-off versus Nazem Kadri in neutral zone.
3:00 of 2nd period - Wrist shot by Tyler Ennis.
3:00 of 2nd period - Shot Misses the Net.
4:32 of 2nd period - Slapshot by Matt Donovan.
4:32 of 2nd period - Stopped by Cam Ward with a rebound.
4:34 of 2nd period - Slapshot by Michael Del Zotto.
4:34 of 2nd period - Shot Misses the Net.
4:44 of 2nd period - Dylan McIlrath is hit by Sean Monahan and loses puck.
5:11 of 2nd period - Backhand shot by Miikka Salomaki.
5:11 of 2nd period - Stopped by Cam Ward with a rebound.
5:13 of 2nd period - Wrist shot by Logan Shaw.
5:13 of 2nd period - Stopped by Cam Ward with a rebound.
5:15 of 2nd period - Wrist shot by Miikka Salomaki.
5:15 of 2nd period - Shot Misses the Net.
5:25 of 2nd period - Yann Sauvé is hit by Damon Severson and loses puck.
5:59 of 2nd period - Matt Donovan is hit by Dylan McIlrath and loses puck.
6:35 of 2nd period - Slapshot by Matt Donovan.
6:35 of 2nd period - Deflect By Tyler Ennis.
6:35 of 2nd period - Stopped by Cam Ward without a rebound.
6:36 of 2nd period - Nazem Kadri wins face-off versus Andrew Shaw in Islanders zone.
6:43 of 2nd period - Wrist shot by Tyler Ennis.
6:43 of 2nd period - Shot Misses the Net.
6:45 of 2nd period - Slapshot by Kristopher Letang.
6:45 of 2nd period - Shot Misses the Net.
6:47 of 2nd period - Snap shot by Kristopher Letang.
6:47 of 2nd period - Deflect By Nikita Zadorov.
6:47 of 2nd period - Stopped by Cam Ward with a rebound.
7:32 of 2nd period - Snap shot by Logan Shaw.
7:32 of 2nd period - Stopped by Cam Ward without a rebound.
7:33 of 2nd period - Nazem Kadri wins face-off versus Pierre-Edouard Bellemare in Islanders zone.
7:56 of 2nd period - Matt Donovan is hit by Ryan Ellis and loses puck.
8:05 of 2nd period - Snap shot by Vladimir Tarasenko.
8:05 of 2nd period - Stopped by Jonathan Quick without a rebound.
8:06 of 2nd period - Sean Monahan wins face-off versus Michael Latta in Devils zone.
8:15 of 2nd period - Snap shot by Jason Spezza.
8:15 of 2nd period - Shot Misses the Net.
8:17 of 2nd period - Snap shot by Kellan Lain.
8:17 of 2nd period - Goal by Kellan Lain - Devils : 1 - Islanders : 4.
8:18 of 2nd period - Nazem Kadri wins face-off versus Pierre-Edouard Bellemare in neutral zone.
8:31 of 2nd period - Wrist shot by Nazem Kadri.
8:31 of 2nd period - Shot Blocked by Vladimir Tarasenko.
9:04 of 2nd period - Off-side.
9:05 of 2nd period - Brayden Point wins face-off versus Melker Karlsson in neutral zone.
9:10 of 2nd period - Slapshot by Miikka Salomaki.
9:10 of 2nd period - Shot Blocked by Jason Akeson.
9:54 of 2nd period - Nail Yakupov is hit by Jason Spezza and loses puck.
10:18 of 2nd period - Emerson Etem is hit by Ondrej Kase and loses puck.
10:40 of 2nd period - Snap shot by Emerson Etem.
10:40 of 2nd period - Shot Misses the Net.
10:42 of 2nd period - Snap shot by Ryan Hartman.
10:42 of 2nd period - Shot Misses the Net.
10:44 of 2nd period - Wrist shot by Ryan Hartman.
10:44 of 2nd period - Shot Misses the Net.
10:46 of 2nd period - Snap shot by Ryan Hartman.
10:46 of 2nd period - Stopped by Jonathan Quick with a rebound.
11:14 of 2nd period - Slapshot by Nazem Kadri.
11:14 of 2nd period - Goal by Nazem Kadri - Devils : 2 - Islanders : 4.
11:15 of 2nd period - Sean Monahan wins face-off versus Pierre-Edouard Bellemare in neutral zone.
11:15 of 2nd period - Jonathan Huberdeau is hit by Yann Sauvé and loses puck.
11:30 of 2nd period - Backhand shot by Sean Monahan.
11:30 of 2nd period - Stopped by Cam Ward with a rebound.
11:32 of 2nd period - Wrist shot by Nail Yakupov.
11:32 of 2nd period - Shot Misses the Net.
12:37 of 2nd period - Tyler Ennis is hit by Melker Karlsson and loses puck.
12:56 of 2nd period - Wrist shot by Jonathan Huberdeau.
12:56 of 2nd period - Stopped by Cam Ward with a rebound.
12:58 of 2nd period - Snap shot by Jonathan Huberdeau.
12:58 of 2nd period - Shot Misses the Net.
13:00 of 2nd period - Wrist shot by Jonathan Huberdeau.
13:00 of 2nd period - Shot Blocked by Yann Sauvé.
13:56 of 2nd period - Kristopher Letang is hit by Pierre-Edouard Bellemare.
14:07 of 2nd period - Off-side.
14:08 of 2nd period - Michael Latta wins face-off versus Sean Monahan in neutral zone.
14:19 of 2nd period - Slapshot by Damon Severson.
14:19 of 2nd period - Deflect By Sean Monahan.
14:19 of 2nd period - Shot Blocked by Yann Sauvé.
14:19 of 2nd period - Puck is out of play.
14:20 of 2nd period - Brayden Point wins face-off versus Pierre-Edouard Bellemare in Islanders zone.
14:47 of 2nd period - Kellan Lain is hit by Brandon Carlo and loses puck.
14:56 of 2nd period - Snap shot by Tyler Ennis.
14:56 of 2nd period - Shot Blocked by Ryan Ellis.
15:18 of 2nd period - Slapshot by Jonathan Huberdeau.
15:18 of 2nd period - Stopped by Cam Ward with a rebound.
15:48 of 2nd period - Pierre-Edouard Bellemare is hit by Anton Stralman and loses puck.
16:11 of 2nd period - Wrist shot by Nazem Kadri.
16:11 of 2nd period - Stopped by Cam Ward with a rebound.
16:37 of 2nd period - Wrist shot by Jonathan Huberdeau.
16:37 of 2nd period - Stopped by Cam Ward without a rebound.
16:38 of 2nd period - Tyler Ennis wins face-off versus Pierre-Edouard Bellemare in Islanders zone.
16:47 of 2nd period - Wrist shot by Nazem Kadri.
16:47 of 2nd period - Shot Misses the Net.
17:07 of 2nd period - Wrist shot by Dylan McIlrath.
17:07 of 2nd period - Shot Blocked by Jonathan Huberdeau.
17:13 of 2nd period - Wrist shot by Kristopher Letang.
17:13 of 2nd period - Stopped by Cam Ward with a rebound.
17:17 of 2nd period - Snap shot by Sean Monahan.
17:17 of 2nd period - Shot Misses the Net.
17:29 of 2nd period - Slapshot by Andrew Shaw.
17:29 of 2nd period - Stopped by Jonathan Quick with a rebound.
17:31 of 2nd period - Slapshot by Dylan McIlrath.
17:31 of 2nd period - Shot Misses the Net.
17:39 of 2nd period - Wrist shot by Ryan Hartman.
17:39 of 2nd period - Deflect By Emerson Etem.
17:39 of 2nd period - Shot Misses the Net.
17:39 of 2nd period - Puck is out of play.
17:40 of 2nd period - Nazem Kadri wins face-off versus Vladimir Tarasenko in Devils zone.
17:55 of 2nd period - Slapshot by Anton Stralman.
17:55 of 2nd period - Stopped by Cam Ward without a rebound.
17:56 of 2nd period - Michael Latta wins face-off versus Sean Monahan in Islanders zone.
18:05 of 2nd period - Backhand shot by Michael Latta.
18:05 of 2nd period - Stopped by Jonathan Quick with a rebound.
18:13 of 2nd period - Ryan Ellis is hit by Brandon Carlo and loses puck.
19:08 of 2nd period - Ryan Hartman is hit by Brandon Carlo and loses puck.
19:15 of 2nd period - Snap shot by Andrew Shaw.
19:15 of 2nd period - Deflect By Emerson Etem.
19:15 of 2nd period - Shot Misses the Net.
19:15 of 2nd period - Puck is out of play.
19:16 of 2nd period - Chris Tierney wins face-off versus Nazem Kadri in Devils zone.
19:19 of 2nd period - Slapshot by Vladimir Tarasenko.
19:19 of 2nd period - Shot Misses the Net.
19:21 of 2nd period - Wrist shot by Pierre-Edouard Bellemare.
19:21 of 2nd period - Deflect By Chris Tierney.
19:21 of 2nd period - Shot Blocked by Matt Donovan.
19:21 of 2nd period - Puck is out of play.
19:22 of 2nd period - Nazem Kadri wins face-off versus Pierre-Edouard Bellemare in Devils zone.
19:31 of 2nd period - Dylan McIlrath is hit by Tyler Ennis and loses puck.
Goals for this period are 1 for Devils vs 2 for Islanders.
Shots for this period are 14 for Devils vs 6 for Islanders.
3rd period
0:01 of 3rd period - Pierre-Edouard Bellemare wins face-off versus Sean Monahan in neutral zone.
0:15 of 3rd period - Slapshot by Jonathan Huberdeau.
0:15 of 3rd period - Shot Blocked by Ryan Ellis.
0:17 of 3rd period - Slapshot by Nail Yakupov.
0:17 of 3rd period - Shot Blocked by Pierre-Edouard Bellemare.
0:48 of 3rd period - Snap shot by Melker Karlsson.
0:48 of 3rd period - Stopped by Jonathan Quick without a rebound.
0:49 of 3rd period - Brock McGinn wins face-off versus Nazem Kadri in Devils zone.
1:02 of 3rd period - Wrist shot by Tyler Ennis.
1:02 of 3rd period - Shot Misses the Net.
1:04 of 3rd period - Slapshot by Matt Donovan.
1:04 of 3rd period - Stopped by Cam Ward without a rebound.
1:05 of 3rd period - Pierre-Edouard Bellemare wins face-off versus Sean Monahan in Islanders zone.
2:06 of 3rd period - Snap shot by Andrew Shaw.
2:06 of 3rd period - Shot Blocked by Damon Severson.
2:16 of 3rd period - Snap shot by Jason Akeson.
2:16 of 3rd period - Stopped by Jonathan Quick without a rebound.
2:17 of 3rd period - Brock McGinn wins face-off versus Nazem Kadri in Devils zone.
2:28 of 3rd period - Snap shot by Brock McGinn.
2:28 of 3rd period - Goal by Brock McGinn - Devils : 2 - Islanders : 5.
2:29 of 3rd period - Nazem Kadri wins face-off versus Pierre-Edouard Bellemare in neutral zone.
2:32 of 3rd period - Slapshot by Brandon Carlo.
2:32 of 3rd period - Shot Misses the Net.
2:46 of 3rd period - Slapshot by Tyler Ennis.
2:46 of 3rd period - Stopped by Cam Ward without a rebound.
2:47 of 3rd period - Michael Latta wins face-off versus Sean Monahan in Islanders zone.
2:51 of 3rd period - Minor Penalty to Nail Yakupov for Roughing.
2:52 of 3rd period - Pierre-Edouard Bellemare wins face-off versus Anton Lander in Devils zone.
3:00 of 3rd period - Snap shot by Vladimir Tarasenko.
3:00 of 3rd period - Deflect By Pierre-Edouard Bellemare.
3:00 of 3rd period - Stopped by Jonathan Quick without a rebound.
3:01 of 3rd period - Pierre-Edouard Bellemare wins face-off versus Anton Lander in Devils zone.
3:08 of 3rd period - Snap shot by Pierre-Edouard Bellemare.
3:08 of 3rd period - Shot Misses the Net.
3:10 of 3rd period - Slapshot by Yann Sauvé.
3:10 of 3rd period - Stopped by Jonathan Quick with a rebound.
3:12 of 3rd period - Snap shot by Yann Sauvé.
3:12 of 3rd period - Stopped by Jonathan Quick with a rebound.
3:14 of 3rd period - Wrist shot by Pierre-Edouard Bellemare.
3:14 of 3rd period - Shot Hit the Post.
3:16 of 3rd period - Slapshot by Yann Sauvé.
3:16 of 3rd period - Stopped by Jonathan Quick with a rebound.
3:34 of 3rd period - Slapshot by Ryan Ellis.
3:34 of 3rd period - Shot Misses the Net.
3:36 of 3rd period - Snap shot by Chris Tierney.
3:36 of 3rd period - Shot Misses the Net.
3:38 of 3rd period - Slapshot by Ryan Ellis.
3:38 of 3rd period - Goal by Ryan Ellis - Devils : 2 - Islanders : 6.
3:39 of 3rd period - Sean Monahan wins face-off versus Michael Latta in neutral zone.
4:06 of 3rd period - Chris Tierney is hit by Nick Palmieri and loses puck.
4:24 of 3rd period - Off-side.
4:25 of 3rd period - Melker Karlsson wins face-off versus Brayden Point in neutral zone.
4:28 of 3rd period - Brayden Point is hit by Jason Akeson and loses puck.
4:39 of 3rd period - Snap shot by Brock McGinn.
4:39 of 3rd period - Stopped by Jonathan Quick with a rebound.
5:08 of 3rd period - Brandon Carlo is hit by Chris Tierney and loses puck.
5:15 of 3rd period - Wrist shot by Jonathan Huberdeau.
5:15 of 3rd period - Shot Blocked by Dylan McIlrath.
5:59 of 3rd period - Off-side.
6:00 of 3rd period - Melker Karlsson wins face-off versus Nazem Kadri in neutral zone.
6:27 of 3rd period - Jason Akeson is hit by Ondrej Kase and loses puck.
6:54 of 3rd period - Jason Akeson is hit by Miikka Salomaki and loses puck.
7:14 of 3rd period - Nick Palmieri is hit by Jason Akeson and loses puck.
7:33 of 3rd period - Wrist shot by Anton Lander.
7:33 of 3rd period - Shot Misses the Net.
7:41 of 3rd period - Matt Donovan is hit by Thomas Chabot and loses puck.
8:43 of 3rd period - Off-side.
8:44 of 3rd period - Pierre-Edouard Bellemare wins face-off versus Brayden Point in neutral zone.
9:11 of 3rd period - Pierre-Edouard Bellemare is hit by Tyler Ennis and loses puck.
10:07 of 3rd period - Wrist shot by Sean Monahan.
10:07 of 3rd period - Stopped by Cam Ward without a rebound.
10:08 of 3rd period - Nazem Kadri wins face-off versus Michael Latta in Islanders zone.
10:11 of 3rd period - Snap shot by Tyler Ennis.
10:11 of 3rd period - Shot Misses the Net.
10:35 of 3rd period - Matt Donovan is hit by Jason Akeson and loses puck.
10:40 of 3rd period - Wrist shot by Jason Akeson.
10:40 of 3rd period - Shot Misses the Net.
10:42 of 3rd period - Snap shot by Jason Akeson.
10:42 of 3rd period - Stopped by Jonathan Quick with a rebound.
10:44 of 3rd period - Wrist shot by Brock McGinn.
10:44 of 3rd period - Shot Misses the Net.
10:46 of 3rd period - Snap shot by Melker Karlsson.
10:46 of 3rd period - Stopped by Jonathan Quick without a rebound.
10:47 of 3rd period - Nazem Kadri wins face-off versus Ryan Hartman in Devils zone.
10:47 of 3rd period - Nazem Kadri is hit by Ryan Hartman.
10:52 of 3rd period - Kristopher Letang is hit by Yann Sauvé.
11:43 of 3rd period - Snap shot by Brock McGinn.
11:43 of 3rd period - Stopped by Jonathan Quick with a rebound.
11:45 of 3rd period - Wrist shot by Brock McGinn.
11:45 of 3rd period - Shot Misses the Net.
11:47 of 3rd period - Slapshot by Melker Karlsson.
11:47 of 3rd period - Deflect By Logan Shaw.
11:47 of 3rd period - Stopped by Jonathan Quick with a rebound.
11:49 of 3rd period - Snap shot by Jason Akeson.
11:49 of 3rd period - Shot Misses the Net.
11:51 of 3rd period - Slapshot by Nikita Zadorov.
11:51 of 3rd period - Deflect By Jason Akeson.
11:51 of 3rd period - Stopped by Jonathan Quick without a rebound.
11:52 of 3rd period - Nazem Kadri wins face-off versus Pierre-Edouard Bellemare in Devils zone.
12:05 of 3rd period - Snap shot by Tyler Ennis.
12:05 of 3rd period - Stopped by Cam Ward without a rebound.
12:06 of 3rd period - Nazem Kadri wins face-off versus Pierre-Edouard Bellemare in Islanders zone.
12:19 of 3rd period - Wrist shot by Nazem Kadri.
12:19 of 3rd period - Shot Misses the Net.
12:21 of 3rd period - Wrist shot by Nick Palmieri.
12:21 of 3rd period - Stopped by Cam Ward with a rebound.
12:23 of 3rd period - Snap shot by Nazem Kadri.
12:23 of 3rd period - Goal by Nazem Kadri - Devils : 3 - Islanders : 6.
12:24 of 3rd period - Nazem Kadri wins face-off versus Pierre-Edouard Bellemare in neutral zone.
13:35 of 3rd period - Ryan Ellis is hit by Ondrej Kase and loses puck.
13:54 of 3rd period - Vladimir Tarasenko is hit by Tyler Ennis and loses puck.
14:03 of 3rd period - Ryan Ellis is hit by Tyler Ennis and loses puck.
15:06 of 3rd period - Off-side.
15:07 of 3rd period - Pierre-Edouard Bellemare wins face-off versus Nazem Kadri in neutral zone.
15:14 of 3rd period - Wrist shot by Chris Tierney.
15:14 of 3rd period - Shot Blocked by Anton Stralman.
15:22 of 3rd period - Chris Tierney is hit by Damon Severson and loses puck.
15:33 of 3rd period - Vladimir Tarasenko is hit by Brayden Point and loses puck.
16:03 of 3rd period - Icing by Brandon Carlo.
16:04 of 3rd period - Sean Monahan wins face-off versus Michael Latta in Devils zone.
16:04 of 3rd period - Sean Monahan is hit by Jason Spezza.
16:30 of 3rd period - Slapshot by Sean Monahan.
16:30 of 3rd period - Stopped by Cam Ward without a rebound.
16:31 of 3rd period - Nazem Kadri wins face-off versus Melker Karlsson in Islanders zone.
17:18 of 3rd period - Slapshot by Brock McGinn.
17:18 of 3rd period - Stopped by Jonathan Quick without a rebound.
17:19 of 3rd period - Nazem Kadri wins face-off versus Pierre-Edouard Bellemare in Devils zone.
17:46 of 3rd period - Ryan Ellis is hit by Jonathan Huberdeau and loses puck.
18:07 of 3rd period - Ryan Ellis is hit by Anton Stralman and loses puck.
18:16 of 3rd period - Snap shot by Anton Lander.
18:16 of 3rd period - Stopped by Cam Ward with a rebound.
18:36 of 3rd period - Slapshot by Ryan Ellis.
18:36 of 3rd period - Shot Misses the Net.
18:56 of 3rd period - Snap shot by Chris Tierney.
18:56 of 3rd period - Shot Misses the Net.
19:16 of 3rd period - Snap shot by Brock McGinn.
19:16 of 3rd period - Shot Misses the Net.
19:18 of 3rd period - Snap shot by Melker Karlsson.
19:18 of 3rd period - Deflect By Matt Donovan.
19:18 of 3rd period - Stopped by Jonathan Quick with a rebound.
19:50 of 3rd period - Icing by Dylan McIlrath.
19:51 of 3rd period - Brayden Point wins face-off versus Pierre-Edouard Bellemare in Islanders zone.
Goals for this period are 1 for Devils vs 2 for Islanders.
Shots for this period are 8 for Devils vs 16 for Islanders.
Output by the SimonT Hockey Simulator (STHS) for Francois Prevost